EL
TENNESSEE SMOKIES @ MOBILE BAYBEARS
07/02/2048
 
TOP OF THE 1ST
Tennessee Smokies batting - Pitching for Mobile BayBears : RHP John Capparelli
Pitching: RHP John Capparelli
Batting: RHB Eric Wiss 0-0: Ball
1-0: Foul Ball, location: 2F
1-1: Ground out 5-3 (Groundball, 5L, EV 89.4 MPH)
Batting: RHB Khalil Stephens 0-0: Called Strike
0-1: Fly out, F8 (Flyball, 8RM, EV 75.6 MPH)
Batting: RHB Brad Santanello 0-0: Foul Ball, location: 2F
0-1: Ball
1-1: Fly out, F9 (Line Drive, 9S, EV 92.5 MPH)
Top of the 1st over - 0 runs, 0 hits, 0 errors, 0 left on base; Tennessee 0 - Mobile 0
BOTTOM OF THE 1ST
Mobile BayBears batting - Pitching for Tennessee Smokies : RHP Bogdan Sdobnyakov
Pitching: RHP Bogdan Sdobnyakov
Batting: RHB Carlos Ballesteros 0-0: SINGLE (Groundball, 4M, EV 106.2 MPH) (infield hit)
Batting: LHB Koson Hirai 0-0: Called Strike
0-1: Foul Ball, location: 2F
0-2: Hit by Pitch
Carlos Ballesteros to second
Batting: LHB Soo-yeon Kym 0-0: Called Strike
0-1: Ball
1-1: Swinging Strike
1-2: Foul Ball, location: 2F
1-2: Strikes out looking
Batting: RHB Blake Beale 0-0: Grounds into double play, 6-4-3 (Groundball, 6, EV 81.2 MPH)
Bottom of the 1st over - 0 runs, 1 hit, 0 errors, 1 left on base; Tennessee 0 - Mobile 0
TOP OF THE 2ND
Tennessee Smokies batting - Pitching for Mobile BayBears : RHP John Capparelli
Batting: RHB Sam Sours 0-0: Ball
1-0: Ball
2-0: Ball
3-0: Base on Balls
Batting: RHB Tim Long 0-0: Ball
Sam Sours steals 2nd base
1-0: Fly out, F8 (Flyball, 8LS, EV 93.8 MPH)
Batting: RHB Armando Vilano 0-0: Swinging Strike
0-1: Foul Ball, location: 2F
0-2: Ball
1-2: Fly out, F7 (Flyball, 78D, EV 96.9 MPH)
Batting: RHB David Barnard 0-0: Ball
1-0: Ground out 4-3 (Groundball, 4, EV 101.2 MPH)
Top of the 2nd over - 0 runs, 0 hits, 0 errors, 1 left on base; Tennessee 0 - Mobile 0
BOTTOM OF THE 2ND
Mobile BayBears batting - Pitching for Tennessee Smokies : RHP Bogdan Sdobnyakov
Batting: RHB Chris Bittner 0-0: Swinging Strike
0-1: SOLO HOME RUN (Flyball, 7LD, EV 95.6 MPH), Distance : 335 ft
Batting: RHB Josh Burrows 0-0: Foul Ball, location: 2F
0-1: Ball
1-1: Ball
2-1: Foul Ball, location: 2F
2-2: Foul Ball, location: 2F
2-2: Ball
3-2: SINGLE (Groundball, 5S, EV 75.6 MPH) (infield hit)
Batting: RHB Jeremy Adams 0-0: Ball
1-0: Ball
2-0: Ball
3-0: Base on Balls
Josh Burrows to second
Batting: RHB Franklin Villanueva 0-0: Ball
1-0: Ball
2-0: Foul Ball, location: 2F
2-1: Swinging Strike
2-2: Ball
3-2: Fielders Choice at 2nd, 6-4 (Groundball, 6, EV 101.2 MPH)
Josh Burrows to third
Batting: RHB Curt Barrett 0-0: Called Strike
0-1: Called Strike
0-2: Ball
1-2: Foul Ball, location: 2F
1-2: Strikes out swinging
Batting: RHB Carlos Ballesteros 0-0: Fielders Choice at 2nd, 5-4 (Groundball, 56, EV 85.0 MPH)
Bottom of the 2nd over - 1 run, 2 hits, 0 errors, 2 left on base; Tennessee 0 - Mobile 1
TOP OF THE 3RD
Tennessee Smokies batting - Pitching for Mobile BayBears : RHP John Capparelli
Batting: RHB Sung-hwan Jung 0-0: Ball
1-0: Ball
2-0: Called Strike
2-1: Swinging Strike
2-2: Ground out 4-3 (Groundball, 4M, EV 94.4 MPH)
Batting: RHB Alvaro Romero 0-0: Ball
1-0: Ground out U3 (Groundball, 13, EV 88.8 MPH)
Batting: RHB Eric Wiss 0-0: SOLO HOME RUN (Flyball, 7D, EV 99.4 MPH), Distance : 378 ft
Batting: RHB Khalil Stephens 0-0: Swinging Strike
0-1: Ball
1-1: Called Strike
1-2: SINGLE (Flyball, 8RS, EV 95.0 MPH)
Batting: RHB Brad Santanello 0-0: Called Strike
0-1: Swinging Strike
0-2: Strikes out looking
Top of the 3rd over - 1 run, 2 hits, 0 errors, 1 left on base; Tennessee 1 - Mobile 1
BOTTOM OF THE 3RD
Mobile BayBears batting - Pitching for Tennessee Smokies : RHP Bogdan Sdobnyakov
Batting: LHB Koson Hirai 0-0: Ball
1-0: Ball
2-0: Foul Ball, location: 2F
2-1: Foul Ball, location: 2F
2-2: Foul Ball, location: 2F
2-2: Fly out, F5 (Popup, 56S, EV 74.4 MPH)
Batting: LHB Soo-yeon Kym 0-0: Called Strike
0-1: Ball
1-1: Ground out 4-3 (Groundball, 4M, EV 78.8 MPH)
Batting: RHB Blake Beale 0-0: Ball
1-0: Ball
2-0: Ball
3-0: Called Strike
3-1: Base on Balls
Batting: RHB Chris Bittner 0-0: Called Strike
0-1: Ball
1-1: Foul Ball, location: 2F
1-2: Strikes out swinging
Bottom of the 3rd over - 0 runs, 0 hits, 0 errors, 1 left on base; Tennessee 1 - Mobile 1
TOP OF THE 4TH
Tennessee Smokies batting - Pitching for Mobile BayBears : RHP John Capparelli
Batting: RHB Sam Sours 0-0: Swinging Strike
0-1: Ball
1-1: Foul Ball, location: 2F
1-2: Ball
2-2: Foul Ball, location: 2F
2-2: Strikes out swinging
Batting: RHB Tim Long 0-0: Ground out 6-3 (Groundball, 6, EV 90.6 MPH)
Batting: RHB Armando Vilano 0-0: Ground out 4-3 (Groundball, 4MD, EV 108.8 MPH)
Top of the 4th over - 0 runs, 0 hits, 0 errors, 0 left on base; Tennessee 1 - Mobile 1
BOTTOM OF THE 4TH
Mobile BayBears batting - Pitching for Tennessee Smokies : RHP Bogdan Sdobnyakov
Batting: RHB Josh Burrows 0-0: Ball
1-0: Swinging Strike
1-1: Ball
2-1: Ball
3-1: Called Strike
3-2: Strikes out swinging
Batting: RHB Jeremy Adams 0-0: Ground out 1-3 (Groundball, 15, EV 68.1 MPH)
Batting: RHB Franklin Villanueva 0-0: Ball
1-0: Foul Ball, location: 2F
1-1: Foul Ball, location: 2F
1-2: Ball
2-2: Strikes out swinging
Bottom of the 4th over - 0 runs, 0 hits, 0 errors, 0 left on base; Tennessee 1 - Mobile 1
TOP OF THE 5TH
Tennessee Smokies batting - Pitching for Mobile BayBears : RHP John Capparelli
Batting: RHB David Barnard 0-0: Foul Ball, location: 2F
0-1: Swinging Strike
0-2: Ball
1-2: Ball
2-2: Strikes out looking
Batting: RHB Sung-hwan Jung 0-0: Swinging Strike
0-1: Ball
1-1: Ball
2-1: Swinging Strike
2-2: Strikes out swinging
Batting: RHB Alvaro Romero 0-0: Called Strike
0-1: Foul Ball, location: 2F
0-2: Ground out 4-3 (Groundball, 4, EV 75.6 MPH)
Top of the 5th over - 0 runs, 0 hits, 0 errors, 0 left on base; Tennessee 1 - Mobile 1
BOTTOM OF THE 5TH
Mobile BayBears batting - Pitching for Tennessee Smokies : RHP Bogdan Sdobnyakov
Batting: RHB Curt Barrett 0-0: Ball
1-0: Ball
2-0: Called Strike
2-1: Ground out 5-3 (Groundball, 56S, EV 85.0 MPH)
Batting: RHB Carlos Ballesteros 0-0: Ball
1-0: Foul Ball, location: 2F
1-1: Swinging Strike
1-2: Strikes out swinging
Batting: LHB Koson Hirai 0-0: Fly out, F6 (Popup, 6, EV 61.9 MPH)
Bottom of the 5th over - 0 runs, 0 hits, 0 errors, 0 left on base; Tennessee 1 - Mobile 1
TOP OF THE 6TH
Tennessee Smokies batting - Pitching for Mobile BayBears : RHP John Capparelli
Batting: RHB Eric Wiss 0-0: Ball
1-0: Ball
2-0: Called Strike
2-1: Ball
3-1: Called Strike
3-2: Strikes out looking
Batting: RHB Khalil Stephens 0-0: Called Strike
0-1: Ground out 6-3 (Groundball, 6, EV 108.1 MPH)
Batting: RHB Brad Santanello 0-0: Ball
1-0: Foul Ball, location: 2F
1-1: Ball
2-1: Ground out 6-3 (Groundball, 4M, EV 81.2 MPH)
Top of the 6th over - 0 runs, 0 hits, 0 errors, 0 left on base; Tennessee 1 - Mobile 1
BOTTOM OF THE 6TH
Mobile BayBears batting - Pitching for Tennessee Smokies : RHP Bogdan Sdobnyakov
Batting: LHB Soo-yeon Kym 0-0: Ball
1-0: Ground out 5-3 (Groundball, 56, EV 95.6 MPH)
Batting: RHB Blake Beale 0-0: Ball
1-0: Ball
2-0: Ground out 1-3 (Groundball, 15S, EV 71.9 MPH)
Batting: RHB Chris Bittner 0-0: Ball
1-0: Foul Ball, location: 2F
1-1: Ball
2-1: Ball
3-1: Swinging Strike
3-2: Foul Ball, location: 2F
3-2: Base on Balls
Batting: RHB Josh Burrows 0-0: Called Strike
0-1: Ball
1-1: Foul Ball, location: 2F
1-2: Strikes out swinging
Bottom of the 6th over - 0 runs, 0 hits, 0 errors, 1 left on base; Tennessee 1 - Mobile 1
TOP OF THE 7TH
Tennessee Smokies batting - Pitching for Mobile BayBears : RHP John Capparelli
Batting: RHB Sam Sours 0-0: Ball
1-0: Fly out, F7 (Flyball, 78M, EV 81.9 MPH)
Batting: RHB Tim Long 0-0: Ball
1-0: Foul Ball, location: 2F
1-1: Ball
2-1: Fly out, F8 (Flyball, 8RM, EV 89.4 MPH)
Batting: RHB Armando Vilano 0-0: Called Strike
0-1: Ball
1-1: Fly out, F7 (Flyball, 7D, EV 95.0 MPH)
Top of the 7th over - 0 runs, 0 hits, 0 errors, 0 left on base; Tennessee 1 - Mobile 1
BOTTOM OF THE 7TH
Mobile BayBears batting - Pitching for Tennessee Smokies : RHP Bogdan Sdobnyakov
Pitching: RHP Ryan Masterson
Batting: RHB Jeremy Adams 0-0: Ball
1-0: Called Strike
1-1: Called Strike
1-2: Ball
2-2: SINGLE (Groundball, 56D, EV 101.9 MPH)
Batting: RHB Franklin Villanueva
Pinch Hitting: LHB T.J. Duvall 0-0: Swinging Strike
0-1: Called Strike
0-2: Ball
1-2: Foul Ball, location: 2F
1-2: Ball
2-2: Ground out U3 (Groundball, 3S, EV 73.8 MPH)
Jeremy Adams to second
Batting: RHB Curt Barrett 0-0: Called Strike
0-1: Ball
1-1: Foul Ball, location: 2F
1-2: Ball
Wild Pitch!
Jeremy Adams to third
2-2: Ball
3-2: Foul Ball, location: 2F
3-2: Strikes out swinging
Batting: RHB Carlos Ballesteros 0-0: Ground out 3-1 (Groundball, 34S, EV 86.2 MPH)
Bottom of the 7th over - 0 runs, 1 hit, 0 errors, 1 left on base; Tennessee 1 - Mobile 1
TOP OF THE 8TH
Tennessee Smokies batting - Pitching for Mobile BayBears : RHP John Capparelli
Now at 1B: T.J. Duvall
Now at 3B: Jeremy Adams
Now in RF: Josh Burrows
Batting: LHB Angel Oropeza 0-0: Called Strike
0-1: Ball
1-1: Foul Ball, location: 2F
1-2: Ball
2-2: Fly out, F7 (Flyball, 78D, EV 95.0 MPH)
Batting: RHB Sung-hwan Jung 0-0: Called Strike
0-1: Reached on error, E5 (Groundball, 5, EV 88.8 MPH)
Batting: RHB Alvaro Romero 0-0: Ball
1-0: Called Strike
1-1: Ball
2-1: Grounds into double play, 4-6-3 (Groundball, 4, EV 106.2 MPH)
Top of the 8th over - 0 runs, 0 hits, 1 error, 0 left on base; Tennessee 1 - Mobile 1
BOTTOM OF THE 8TH
Mobile BayBears batting - Pitching for Tennessee Smokies : RHP Ryan Masterson
Pitching: RHP Heriberto Esquivel
Batting: LHB Koson Hirai 0-0: Foul Ball, location: 2F
0-1: Ground out U3 (Groundball, 3, EV 86.2 MPH)
Batting: LHB Soo-yeon Kym 0-0: Foul Ball, location: 2F
0-1: Ball
1-1: Foul Ball, location: 2F
1-2: Foul Ball, location: 2F
1-2: Fly out, F4 (Popup, 34S, EV 76.2 MPH)
Batting: RHB Blake Beale 0-0: Swinging Strike
0-1: Ball
1-1: Called Strike
1-2: Ball
2-2: Ground out 6-3 (Groundball, 6, EV 91.2 MPH)
Bottom of the 8th over - 0 runs, 0 hits, 0 errors, 0 left on base; Tennessee 1 - Mobile 1
TOP OF THE 9TH
Tennessee Smokies batting - Pitching for Mobile BayBears : RHP John Capparelli
Batting: RHB Eric Wiss 0-0: Ground out 6-3 (Groundball, 6MD, EV 106.2 MPH)
Batting: RHB Khalil Stephens 0-0: Ball
1-0: Ball
2-0: Called Strike
2-1: Foul Ball, location: 2F
2-2: TRIPLE (Groundball, 3L, EV 97.5 MPH)
Batting: RHB Brad Santanello 0-0: Intentional Walk
Batting: RHB Sam Sours 0-0: Called Strike
0-1: SINGLE (Groundball, 56, EV 95.6 MPH)
Khalil Stephens scores
Brad Santanello to second
Batting: RHB Tim Long 0-0: Fly out, F9 (Flyball, 9LM, EV 109.4 MPH)
Pitching: RHP Rick Foster
Batting: RHB Armando Vilano 0-0: Ground out 4-3 (Groundball, 4S, EV 63.8 MPH)
Top of the 9th over - 1 run, 2 hits, 0 errors, 2 left on base; Tennessee 2 - Mobile 1
BOTTOM OF THE 9TH
Mobile BayBears batting - Pitching for Tennessee Smokies : RHP Heriberto Esquivel
Pitching: RHP Jorge Mora
Now in LF: Eric Wiss
Now in RF: Jonathan Sotelo
Batting: RHB Chris Bittner 0-0: Called Strike
0-1: Ball
1-1: Foul Ball, location: 2F
1-2: Strikes out looking
Batting: RHB Josh Burrows 0-0: Ball
1-0: Foul Ball, location: 2F
1-1: SINGLE (Line Drive, 9S, EV 110.0 MPH)
Batting: RHB Jeremy Adams 0-0: Called Strike
0-1: Ball
1-1: Foul Ball, location: 2F
1-2: Foul Ball, location: 2F
1-2: SINGLE (Groundball, 56D, EV 101.2 MPH)
Josh Burrows to second
Batting: LHB T.J. Duvall 0-0: Swinging Strike
0-1: Swinging Strike
0-2: Foul Ball, location: 2F
0-2: Ball
1-2: Foul Ball, location: 2F
1-2: Strikes out swinging
Pitching: RHP Karl Stuart
Pinch Hitting: SHB Ed Vargas 0-0: Ball
1-0: Ground out 4-3 (Groundball, 4, EV 110.6 MPH)
Bottom of the 9th over - 0 runs, 2 hits, 0 errors, 2 left on base; Tennessee 2 - Mobile 1
Tuesday, March 28th , 2023 - OOTP Baseball 23.10 Build 110